 Dungeon Crawl Stone Soup version 0.26-a0-631-ged93497179 (webtiles) character file.

Game seed: 6970415949464797736

116 Peloso the Shield-Bearer (level 4, 0/40 HPs)
             Began as a Minotaur Fighter on Sept 12, 2020.
             Killed by divine providence
             ... invoked by an orc priest
              (9 damage)
             ... on level 3 of the Dungeon.
             The game lasted 00:04:49 (2304 turns).

Peloso the Shield-Bearer (Minotaur Fighter)         Turns: 2304, Time: 00:04:50

Health: 0/40       AC: 15    Str: 20    XL:     4   Next: 69%
Magic:  3/3        EV:  4    Int:  5    God:
Gold:   196        SH:  9    Dex: 11    Spells: 3/3 levels left

rFire    . . .     SeeInvis .   a - +0 long sword
rCold    . . .     Faith    .   c - +0 kite shield
rNeg     . . .     Spirit   .   k - +0 plate armour (curse)
rPois    .         Reflect  .   (helmet restricted)
rElec    .         Harm     .   (no cloak)
rCorr    .         Rampage  .   p - +1 pair of gloves
MR       .....                  h - +0 pair of boots
Stlth    ..........             (no amulet)
HPRegen  0.13/turn              (no ring)
MPRegen  0.08/turn              (no ring)

@: no status effects
A: retaliatory headbutt, horns 2
a: no special abilities


You were on level 3 of the Dungeon.
You visited 1 branch of the dungeon, and saw 3 of its levels.

You collected 196 gold pieces.

Inventory:

Hand Weapons
 a - a +0 long sword (weapon)
Missiles
 g - 36 bolts
Armour
 b - a +0 scale mail
 c - a +0 kite shield (worn)
 h - a +0 pair of boots (worn)
 j - a +0 pair of gloves
 k - a cursed +0 plate armour (worn)
 p - a +1 pair of gloves (worn)
Scrolls
 e - 4 scrolls of remove curse {unknown}
 f - 4 scrolls of identify {unknown}
 i - a scroll of immolation {unknown}
 n - 2 scrolls of amnesia {unknown}
Potions
 d - a potion of might
 l - a potion of heal wounds {unknown}
 m - a potion of curing {unknown}
 o - a potion of lignification {unknown}


   Skills:
 + Level 4.1 Fighting
 + Level 3.6 Long Blades
 + Level 4.5 Armour
 + Level 0.5 Dodging
 + Level 4.8 Shields


You had 3 spell levels left.
You didn't know any spells.
Your spell library contained the following spells:

 Spells                   Type           Power        Failure   Level
 Confusing Touch          Hex            #.......     100%        3
 Gell's Gravitas          Tloc           #.........   100%        3
 Petrify                  Tmut/Erth      #.......     100%        4
 Metabolic Englaciation   Hex/Ice        #.........   100%        5
 Yara's Violent Unravell  Hex/Tmut       #.........   100%        5


Dungeon Overview and Level Annotations

Branches:
Dungeon (3/15)

Altars:
Beogh


Innate Abilities, Weirdness & Mutations

You reflexively headbutt those who attack you in melee.
You have a pair of horns on your head.


Message History

The orc hits you but does no damage.
The orc priest calls down the wrath of Beogh upon you.
Beogh smites you!
The orc priest hits you but does no damage.
You hit the orc but do no damage. You headbutt the orc.
You kill the orc!
The orc priest invokes the aid of Beogh against you.
Beogh smites you! You block the orc priest's attack. x2
The orc priest hits you but does no damage.
The orc priest looks encouraged for a moment.
Things that are here:
a +0 flail of protection; an orc corpse The orc priest hits you.
* * * LOW HITPOINT WARNING * * *
Unknown command.
The orc priest hits you.
* * * LOW HITPOINT WARNING * * *
The orc priest calls down the wrath of Beogh upon you.
Beogh smites you!
You die...

.......# ....#.#
....#.## ......#.# .#
###.....#.# ...
.........##
..##.####.........
.........o@..#### #
.........oo.....# #.
......#......##.#
.#.##.............#
........#.#.#.#...#
..........>.........#.#
...# #..#.[...#........
...#.#........#.########
...#.#.............<....


You could see 2 orc priests and an orc.

Vanquished Creatures
  2 adders (D:2)
  2 oozes (D:1)
  An ufetubus (D:2)
  An adder skeleton (D:2)
  A worm (D:2)
  2 dart slugs
  2 leopard geckos (D:2)
  An orc (D:3)
  8 bats
  5 giant cockroaches
  6 goblins
  3 hobgoblins
  12 jackals
  2 ball pythons
  5 frilled lizards
  9 kobolds
  5 rats
67 creatures vanquished.

Notes
Turn   | Place    | Note
-------+----------+-------------------------------------------
     0 | D:1      | Peloso the Minotaur Fighter began the quest for the Orb.
     0 | D:1      | Reached XP level 1. HP: 19/19 MP: 0/0
   179 | D:1      | Found a roughly hewn altar of Beogh.
   179 | D:1      | Noticed an orc wizard
   179 | D:1      | Noticed an orc wizard
   179 | D:1      | Noticed an orc warrior
   179 | D:1      | Noticed an orc priest
   190 | D:1      | Reached XP level 2. HP: 25/27 MP: 1/1
   423 | D:1      | Reached XP level 3. HP: 22/33 MP: 2/2
  1416 | D:2      | Reached XP level 4. HP: 30/40 MP: 3/3
  2304 | D:3      | Killed from afar by an orc priest

Illustrated notes

Levels and vault maps discovered:
D:1:      erik_arrival_cave_to_civilisation [erik_arrival_cave_to_temple],
          layout_basic
D:2:      layout_basic, minmay_bisected
D:3:      layout_basic, makhleb_altar_promises_db, serial_aquarium,
          aquarium_bridge_square [aquarium_subvault_bridge,
          aquarium_subvault_wall, aquarium_subvault_wall,
          aquarium_subvault_balcony], aquarium_bridge_square
          [aquarium_subvault_wall, aquarium_subvault_bridge,
          aquarium_subvault_window, aquarium_subvault_bridge],
          aquarium_window_fake, aquarium_window_fake, aquarium_view_2e

Skill      XL: |  1  2  3 |
---------------+----------+-----
Shields        | 4 |  4.8
Armour         | 4 |  4.5
Fighting       | 4 |  4.1
Long Blades    | 3 |  3.6
Dodging        | |  0.5

Action                   |  1- 3 |  4- 6 || total
-------------------------+-------+-------++-------
Melee: Long sword        |    93 |    49 ||   142
       Headbutt          |    16 |     9 ||    25
Armor: Scale mail        |    63 |    19 ||    82
       Plate armour      |       |    19 ||    19
Dodge: Dodged            |    40 |    20 ||    60
Block: Kite shield       |    69 |    27 ||    96
       Rpst.: Long sword |    13 |     5 ||    18

Table legend: (Time is in decaauts)
 A = Elapsed time spent in this place.
 B = Non-inter-level travel time spent in this place.
 C = Inter-level travel time spent in this place.
 D = Time resting spent in this place.
 E = Time spent auto-exploring this place.
 F = Levels seen in this place.
 G = Mean time per level.
                   A        B        C        D        E       F      G
               +--------+--------+--------+--------+--------+-----+--------+
         Total |   2354 |   2249 |    105 |      0 |   1611 |   3 |  784.7 |
       Dungeon |   2354 |   2249 |    105 |      0 |   1611 |   3 |  784.7 |
               +--------+--------+--------+--------+--------+-----+--------+

Top non-repeatable levels by time:
     D:1: 1231 daAuts
     D:2: 1005 daAuts
     D:3: 118 daAuts
